 Dungeon Crawl Stone Soup version 0.32-a0-666-ge8a88695a4 (webtiles) character file.

Game seed: 4847171019104126927

118916 Shayle the Fighter (level 16, -1/119 (127) HPs)
             Began as a Coglin Alchemist on Mar 8, 2024.
             Was a High Priest of Ru.
             Slain by Frances
             ... wielding a +2 halberd of venom
              (27 damage)
             ... on level 1 of the Snake Pit on Mar 9, 2024.
             The game lasted 03:07:21 (35861 turns).

Shayle the Fighter (Coglin Alchemist)              Turns: 35861, Time: 03:07:26

HP:   -1/119 (127)  AC: 18    Str: 12    XL:     16   Next: 78%
MP:   13/29         EV: 15    Int: 21    God:    Ru [*****.]
Gold: 2453          SH:  0    Dex: 16    Spells: 8/33 levels left

rFire   . . .        r - +7 dagger (drain) {Ashmeen}
rCold   . . .        m - +6 spear "Adafel" {holy, rElec Will+}
rNeg    . . .        M - +1 steam dragon scales
rPois   .            R - +2 helmet
rElec   +            I - +2 cloak
rCorr   .            l - +2 pair of gloves {Str+3}
SInv    .            q - +2 pair of boots
Will    ++...        (amulet unavailable) Stlth
                     (ring unavailable)
HPRegen 0.00/turn    (ring unavailable)
MPRegen 0.21/turn    P - cryobooster Ver.0 {rElec Slay+3 Clar RMsl}

%: repel missiles, clarity
@: inhibited regen, studying Ice Magic, drained, revved
A: inhibited regeneration, no stealth, inability to use devices, inability to
train armour, unskilled 1, off-hand wielding, slow wielding, warmup strikes, no
jewellery
a: Renounce Religion, Draw Out Power, Power Leap, Apocalypse


You were on level 1 of the Snake Pit.
You worshipped Ru.
Ru was extremely pleased with you.
You visited 6 branches of the dungeon, and saw 27 of its levels.
You also visited: Sewer, Ossuary, Bailey and Ice Cave.

You collected 3676 gold pieces.
You spent 1223 gold pieces at shops.

Inventory:

Hand Weapons
 m - the +6 spear "Adafel" (offhand) {holy, rElec Will+}
   (You found it on level 3 of the Dungeon)

   rElec:     It insulates you from electricity.
   Will+:     It increases your willpower.
 r - a +7 dagger of draining (weapon) {Ashmeen}
Missiles
 k - 45 poisoned darts
 y - a throwing net
 A - 9 curare-tipped darts
Armour
 l - a +2 pair of gloves of strength (worn)
 q - a +2 pair of boots (worn)
 t - a +2 robe of fire resistance
 B - a +2 robe of cold resistance
 I - a +2 cloak (worn)
 M - +1 steam dragon scales (worn)
 R - a +2 helmet (worn)
Gizmo
 P - a cryobooster Ver.0 (installed) {rElec Slay+3 Clar RMsl}
   (You invented it yourself on level 4 of the Lair of Beasts)

   [cryobooster Ver.0]

   Slay+3:    It affects your accuracy & damage with ranged weapons and melee
   (+3).
   rElec:     It insulates you from electricity.
   Clar:      It protects you from confusion, rage, mesmerisation and fear.
   RMsl:      It protects you from missiles.
Talismans
 T - a granite talisman
Scrolls
 f - 2 scrolls of vulnerability
 h - 5 scrolls of fog
 v - a scroll of revelation
 w - 4 scrolls of poison
 D - 5 scrolls of noise
 G - 4 scrolls of silence
 N - 2 scrolls of summoning
Potions
 b - 4 potions of magic
 c - 2 potions of brilliance
 d - 3 potions of cancellation
 g - a potion of heal wounds
 i - 6 potions of curing
 j - 8 potions of might
 n - 3 potions of enlightenment
 u - 4 potions of lignification
 x - 7 potions of mutation
 z - 5 potions of haste
 C - 5 potions of berserk rage
 H - 4 potions of invisibility
 L - 2 potions of resistance


   Skills:
 + Level 11.6 Fighting
 - Level 7.1 Dodging
 - Level 9.0 Spellcasting
 - Level 10.5 Conjurations
 - Level 6.9 Summonings
 - Level 8.7 Fire Magic
 + Level 5.9 Ice Magic
 + Level 9.9 Air Magic
 - Level 6.3 Alchemy


You had 8 spell levels left.
You knew the following spells:

 Your Spells              Type           Power      Damage    Failure   Level
a - Sting                 Conj/Alch      100%       1d9       1%          1
b - Mephitic Cloud        Conj/Alch/Air  47%        N/A       1%          3
c - Olgreb's Toxic Radia  Alch           36%        N/A       5%          4
d - Sticky Flame          Fire/Alch      41%        2d8       3%          4
e - Summon Blazeheart Go  Fire/Summ      42%        N/A       2%          4
f - Airstrike             Air            25%        2d(4-20)  1%          4
g - Freezing Cloud        Conj/Ice/Air   23%        6-21      5%          5

Your spell library contained the following spells:

 Spells                   Type           Power      Damage    Failure   Level
 Summon Small Mammal      Summ           100%       N/A       1%          1
 Cigotuvi's Dreadful Rot  Necr/Alch/Air  64%        N/A       1%          2
 Mercury Vapours          Alch/Air       86%        N/A       1%          2
 Static Discharge         Conj/Air       100%       3-8/arc   1%          2
 Call Canine Familiar     Summ           38%        N/A       1%          3
 Ozocubu's Armour         Ice            34%        N/A       1%          3
 Swiftness                Air            50%        N/A       1%          3
 Summon Lightning Spire   Summ/Air       45%        N/A       2%          4
 Ensorcelled Hibernation  Hex/Ice        44%        N/A       3%          2
 Ignite Poison            Fire/Alch      41%        N/A       3%          4
 Animate Armour           Summ/Erth      48%        N/A       17%         4
 Martyr's Knell           Necr/Summ      24%        N/A       17%         4
 Leda's Liquefaction      Alch/Erth      11%        N/A       19%         4
 Fugue of the Fallen      Necr           9%         N/A       22%         3
 Passwall                 Erth           9%         N/A       22%         3
 Sigil of Binding         Hex            9%         N/A       22%         3
 Dimensional Bullseye     Hex/Tloc       4%         N/A       56%         4
 Dispel Undead            Necr           9%         3d8       56%         4
 Manifold Assault         Tloc           9%         N/A       56%         4
 Bombard                  Conj/Erth      15%        9d3       77%         6
 Lee's Rapid Deconstruct  Erth           4%         3d5*      89%         5
 Death Channel            Necr           4%         N/A       100%        6
 Chain Lightning          Conj/Air       25%        3d34      100%        9
 Fire Storm               Conj/Fire      24%        8d6       100%        9
 Shatter                  Erth           4%         3d8*      100%        9


Dungeon Overview and Level Annotations

Branches:
Dungeon (14/15)            Temple (1/1) D:7            Lair (5/5) D:11
  Swamp (4/4) Lair:3        Snake (1/4) Lair:3        Slime (0/5) Lair:4
    Orc (2/2) D:11            Elf (0/3) Orc:2         Sewer (visited)
Ossuary (visited)          Bailey (visited)           IceCv (visited)
 Vaults: D:13-14

Altars:
Ashenzari
Cheibriados
Dithmenos
Elyvilon
Fedhas
Gozag
Hepliaklqana
Kikubaaqudgha
Makhleb
Nemelex Xobeh
Okawaru
Qazlal
Ru
Sif Muna
Trog
Vehumet
Wu Jian
Xom
Yredelemnul
Zin
The Shining One
Beogh

Shops:
D:3 !   D:6 [:   D:12 :   Orc:2 :*[?([([

Annotations:
Lair:4 2 transporters, Midpoint's ghost, journeyman OnHW
Snake:1 Frances


Innate Abilities, Weirdness & Mutations

You do not regenerate when monsters are visible.
You cannot be stealthy.
You cannot study or use magical devices.
You cannot train Armour skill.
You are somewhat unskilled. (-1 Apt)
You can wield a second weapon in your off-hand.
It takes a long time for you to wield or remove held weapons.
Your first few attacks do less damage.
You cannot equip rings or amulets.


Message History

Aiming: Mephitic Cloud (safe; 1% risk of failure)
Press: ? - help, Shift-Dir - straight line, p - anaconda The ball explodes into a vile cloud!
The stinking cloud engulfs Frances.
You hear a shout! x2; You hear an angry hiss. x2
Frances chants phrases taken from a devil's mouth.
Frances seems to speed up.
The anaconda is engulfed in freezing vapours.
The anaconda seems to slow down.
The anaconda grabs you. The anaconda bites you. The anaconda constricts you.
Casting: Mephitic Cloud (safe; 1% risk of failure)
Confirm with . or Enter, or press ? or * to list all spells.
Aiming: Mephitic Cloud (safe; 1% risk of failure)
Press: ? - help, Shift-Dir - straight line, f - Frances
Aim: Frances, wielding a +2 halberd of venom and wearing a +0 chain mail (fast, chance to affect: 34%)
The ball explodes into a vile cloud!
The stinking cloud engulfs Frances.
You hear an angry hiss.
Frances is engulfed in noxious fumes.
Frances says, "I value strength and power.
I see none of this in you."
Frances chants phrases taken from a devil's mouth.
The iron shot is repelled.
The anaconda is engulfed in freezing vapours.
The anaconda bites you!
* * * LOW HITPOINT WARNING * * *
The anaconda constricts you.
* * * LOW HITPOINT WARNING * * *
You closely miss the anaconda with your +7 dagger of draining.
The anaconda is almost dead.
You puncture the anaconda with the +6 spear "Adafel"!
You kill the anaconda!
Frances is engulfed in noxious fumes.
Frances appears confused.
Frances is engulfed in noxious fumes.
Unknown command.
You hit Frances with your +7 dagger of draining.
You drain Frances.
Frances is lightly wounded.
You barely miss Frances with the +6 spear "Adafel".
Frances is engulfed in noxious fumes.
Frances hits you with a +2 halberd of venom!!
You die...
Ru respects your ultimate sacrifice.

#### ##.@##
#§@°○#
.☼.§§.§☼†#
.§§○○○§##§§#
.§§°.§§ #○N#
..§.§.. .}..
$....°.
#....
...$...
#.... ....
#...


You could see Frances (fast, confused, drained) and a naga.

Vanquished Creatures
  Gastronok (D:10)
  Roxanne (Swamp:3)
  A fenstrider witch (Swamp:2)
  2 orc warlords
  A reaper (IceCv)
  An eleionoma (Swamp:1)
  Azrael (Orc:2)
  2 bunyips
  Snorg (D:11)
  The ghost of cforsyth the Black Sun, a journeyman MDNe of Kikubaaqudgha (D:9)
  An ice dragon (Lair:5)
  A spriggan air mage (Swamp:2)
  2 ghost crabs
  7 alligators
  8 hydras
  2 anacondas (Snake:1)
  A boulder beetle (D:13)
  A centaur warrior (D:13)
  A death knight (D:12)
  3 two-headed ogres
  4 death yaks (Lair:5)
  2 orc high priests (Orc:2)
  A skyshark (Lair:3)
  Sonja (Lair:3)
  4 skeletal warriors (D:12)
  2 goliath frogs
  3 spriggan druids
  A lindwurm (Lair:5)
  2 swamp dragons
  A slime creature (D:13)
  4 bog bodies
  A phantasmal warrior (Lair:1)
  3 orc knights
  2 deep elf pyromancers (D:13)
  Maurice (Orc:2)
  3 orc sorcerers (Orc:2)
  The ghost of adelrune the Skirmisher, a novice CoHu of Hepliaklqana (D:7)
  An ugly thing (D:13)
  A manticore (D:14)
  3 will-o-the-wisps
  2 cyclopes
  A salamander (Lair:3)
  19 elephants
  10 kobold blastminers
  An ice statue (IceCv)
  5 black mambas
  13 cane toads
  An unseen horror (Lair:1)
  3 torpor snails (Lair:5)
  7 rime drakes
  A freezing wraith (IceCv)
  6 komodo dragons
  11 hornets
  6 tyrant leeches
  5 trolls
  4 bloated husks
  7 polar bears
  21 blink frogs
  Sigmund (D:2)
  10 dream sheep
  4 spriggans
  A yak (shapeshifter) (D:14)
  2 shadows
  41 yaks
  6 wyverns
  A dire elephant simulacrum (IceCv)
  A vampire (D:12)
  3 wraiths
  5 fire elementals
  3 wargs
  2 nameless horrors
  11 basilisks
  A fire bat (D:10)
  4 steam dragons
  A human (Lair:1)
  Grum (Lair:1)
  2 death yak simulacra (IceCv)
  2 vampire mosquitoes (D:13)
  2 acid dragons (Lair:5)
  13 swamp worms
  The ghost of zenocrate the Digger, an amateur OpEE (D:3)
  4 hydra simulacra (IceCv)
  13 water moccasins
  3 hell hounds
  2 swamp drakes
  35 orc warriors
  A black bear (Lair:2)
  9 ogres
  2 sky beasts
  A crocodile (Sewer)
  19 wolves
  A phantom (D:5)
  3 centaurs
  4 kobold brigands
  A gnoll sergeant (D:6)
  6 bullfrogs
  2 scorpions
  3 cane toad simulacra (IceCv)
  A water moccasin zombie (Ossuary)
  6 two-headed ogre simulacra (IceCv)
  2 wights
  A killer bee (D:9)
  An electric eel (Lair:3)
  3 howler monkeys
  3 centaur zombies (Ossuary)
  2 bullfrog zombies (Ossuary)
  4 jellies (Lair:4)
  3 lava snakes
  A bombardier beetle (D:5)
  A gnoll bouda (D:6)
  5 hounds
  7 iguanas
  14 orc priests
  A human zombie (Ossuary)
  2 sleepcaps (D:7)
  26 orc wizards
  5 hell rats (Lair:4)
  5 troll simulacra (IceCv)
  2 polar bear simulacra (IceCv)
  A wolf simulacrum (IceCv)
  3 spriggan simulacra (IceCv)
  An ogre zombie (Ossuary)
  Robin (D:2)
  21 gnolls
  11 adders
  3 naga simulacra (IceCv)
  4 white imps
  11 ufetubi
  3 adder zombies (Ossuary)
  A dart slug (D:2)
  4 ribbon worms
  115 orcs
  5 bats
  13 endoplasms
  5 giant cockroaches
  11 goblins
  10 hobgoblins
  5 jackals
  16 kobolds
  7 quokkas
  9 ball pythons
  A frilled lizard (D:3)
  4 gnoll zombies (Ossuary)
  5 goblin zombies (Ossuary)
  5 hobgoblin zombies (Ossuary)
  An orc zombie (Ossuary)
  5 rats (Sewer)
806 creatures vanquished.

Vanquished Creatures (collateral kills)
  A fire dragon (Lair:5)
  Josephine (D:10)
  An orc knight (Orc:1)
  2 lindwurms
  2 torpor snails (Lair:5)
  2 cane toads
  A hornet (Lair:5)
  3 wraiths (D:10)
  A yak (Lair:4)
  A water moccasin (Lair:3)
  An orc warrior (Orc:1)
  An ogre (Orc:2)
  A wolf (Lair:2)
  A bullfrog (Lair:3)
  2 nameless horrors
  A two-headed ogre simulacrum (IceCv)
  An orc priest (D:14)
  A troll simulacrum (IceCv)
  2 naga simulacra (IceCv)
  A white imp (IceCv)
  An ufetubus (IceCv)
28 creatures vanquished.

Vanquished Creatures (others)
  A hydra (Swamp:2)
  A cyclops (D:14)
  4 bloated husks
  A swamp worm (Swamp:1)
  An orc warrior (Orc:2)
  An orc (D:9)
  73 blazeheart cores
  9 foxfires
91 creatures vanquished.

Grand Total: 925 creatures vanquished

Notes
Turn   | Place    | Note
-------+----------+-------------------------------------------
     0 | D:1      | Shayle the Coglin Alchemist began the quest for the Orb.
     0 | D:1      | Reached XP level 1. HP: 13/13 MP: 3/3
   142 | D:1      | Reached skill level 1 in Conjurations
   258 | D:1      | Reached XP level 2. HP: 19/19 MP: 2/4
   383 | D:1      | You fall into a shaft and drop 1 floor!
   671 | D:2      | Reached XP level 3. HP: 21/24 MP: 6/6
  1515 | D:2      | Noticed Sigmund
  1530 | D:1      | Learned a level 3 spell: Mephitic Cloud
  1952 | D:2      | Noticed Robin
  1986 | D:3      | Identified the +6 spear "Adafel" {holy, rElec Will+}
  2208 | D:3      | Found a runed translucent door.
  2224 | D:3      | Reached XP level 4. HP: 22/30 MP: 7/7
  2419 | D:3      | Identified the ring of Yqept {Fly rF+ Dex+3 Slay-2}
  2482 | D:3      | Noticed a bullfrog
  2485 | D:3      | Noticed zenocrate's ghost (amateur OpEE)
  2591 | D:3      | Found Tuito's Distillery.
  2596 | D:3      | Bought a potion of enlightenment for 50 gold pieces
  2596 | D:3      | Bought a potion of lignification for 30 gold pieces
  2949 | D:4      | Found a glowing drain.
  3006 | Sewer    | Entered a sewer
  3015 | Sewer    | Reached XP level 5. HP: 15/35 MP: 8/8
  3069 | Sewer    | Noticed a kobold brigand
  3070 | Sewer    | Noticed a kobold brigand
  3076 | Sewer    | Killed a kobold brigand
  3078 | Sewer    | Killed a kobold brigand
  3079 | Sewer    | Reached XP level 6. HP: 34/41 MP: 5/10
  3276 | Sewer    | Reached XP level 7. HP: 35/46 MP: 9/11
  3601 | D:4      | Found a sand-covered staircase.
  3620 | Ossuary  | Entered an ossuary
  3815 | Ossuary  | Reached skill level 5 in Alchemy
  4066 | Ossuary  | Noticed a silent spectre
  4290 | D:4      | Reached XP level 8. HP: 52/52 MP: 13/13
  4586 | D:5      | Entered Level 5 of the Dungeon
  5605 | D:6      | Found Hiahus's Book Shop.
  5810 | D:6      | Reached skill level 1 in Fighting
  5814 | D:6      | Reached skill level 1 in Air Magic
  6056 | D:6      | Reached skill level 2 in Fighting
  6058 | D:6      | Reached XP level 9. HP: 47/61 MP: 7/15
  6198 | D:6      | Found Hosagot's Armour Emporium.
  6839 | D:7      | Found a runed translucent door.
  6873 | D:7      | Found a staircase to the Ecumenical Temple.
  6881 | Temple   | Entered the Ecumenical Temple
  6908 | Temple   | Became a worshipper of Ru the Awakened
  6930 | Temple   | Reached skill level 5 in Dodging
  6954 | D:7      | Reached skill level 3 in Fighting
  6954 | D:7      | Reached skill level 5 in Conjurations
  7169 | D:7      | Found an iron altar of Okawaru.
  7263 | D:7      | Reached skill level 5 in Spellcasting
  7521 | D:7      | Noticed adelrune's ghost (novice CoHu)
  7572 | D:8      | Found a flagged portal.
  7582 | Bailey   | Entered a bailey
  7768 | Bailey   | Reached skill level 1 in Fire Magic
  7768 | Bailey   | Reached XP level 10. HP: 71/71 MP: 9/17
  7787 | Bailey   | Learned a level 4 spell: Olgreb's Toxic Radiance
  7792 | Bailey   | Learned a level 4 spell: Sticky Flame
  7881 | Bailey   | Noticed an orc knight
  7911 | Bailey   | Killed an orc knight
  7912 | Bailey   | Reached skill level 4 in Fighting
  8044 | Bailey   | Noticed an orc knight
  8056 | Bailey   | Killed an orc knight
  8400 | D:8      | Gained mutation: You are somewhat unskilled. (-1 Apt) [Ru
                  | sacrifice]
  8400 | D:8      | Reduced skill Dodging to level 5
  8400 | D:8      | Reduced skill Conjurations to level 5
  8400 | D:8      | Reached * piety under Ru
  8886 | D:9      | Found a broken altar of Ashenzari.
  8888 | D:9      | Found a white marble altar of Elyvilon.
  9000 | D:9      | Noticed a cyclops
  9195 | D:9      | Killed a cyclops
  9330 | D:9      | Identified the +1 short sword of Articulation {drain, rElec
                  | rN+}
  9357 | D:9      | Found a runed translucent gate.
  9360 | D:9      | Found a runed translucent gate.
  9360 | D:9      | Found a runed translucent gate.
  9361 | D:9      | Noticed cforsyth's ghost (journeyman MDNe)
  9481 | D:9      | Found a shadowy altar of Dithmenos.
  9509 | D:9      | Found a shimmering blue altar of Sif Muna.
  9621 | D:9      | Found a roughly hewn altar of Beogh.
  9674 | D:10     | Entered Level 10 of the Dungeon
  9769 | D:10     | Noticed Josephine
  9785 | D:10     | Killed Josephine
  9786 | D:10     | Reached skill level 5 in Fighting
  9786 | D:10     | Reached XP level 11. HP: 79/79 MP: 19/19
 10029 | D:10     | Noticed Gastronok
 10054 | D:10     | Killed Gastronok
 10278 | D:10     | Noticed a two-headed ogre
 10288 | D:10     | Killed a two-headed ogre
 10753 | D:10     | Found a sparkling altar of Nemelex Xobeh.
 10754 | D:10     | Found a radiant altar of Vehumet.
 10854 | D:10     | Found a shimmering altar of Xom.
 11194 | D:11     | Reached skill level 5 in Air Magic
 11361 | D:11     | Reached skill level 6 in Fighting
 11361 | D:11     | Reached skill level 5 in Fire Magic
 11361 | D:11     | Reached XP level 12. HP: 89/89 MP: 21/21
 11389 | D:11     | Noticed Snorg
 11400 | D:11     | Killed Snorg
 11401 | D:11     | Reached skill level 7 in Fighting
 11504 | D:11     | Found a white marble altar of Elyvilon.
 11589 | D:11     | Found a staircase to the Lair.
 11831 | D:11     | Found a staircase to the Orcish Mines.
 11952 | Lair:1   | Entered Level 1 of the Lair of Beasts
 12099 | Lair:1   | Reached XP level 13. HP: 83/96 MP: 8/22
 12200 | Lair:1   | Noticed Grum
 12208 | Lair:1   | Killed Grum
 12475 | Lair:1   | Found a runed translucent door.
 12482 | Lair:1   | Learned a level 4 spell: Summon Blazeheart Golem
 12548 | Lair:1   | Identified the staff "Rischuat" {+Blink Str+3 Int-5 SInv
                  | Conj}
 13135 | Lair:2   | Reached skill level 1 in Summonings
 13550 | Lair:2   | Noticed Sonja
 14383 | Lair:3   | Killed Sonja
 14384 | Lair:3   | Reached skill level 8 in Fighting
 15232 | Lair:3   | Gained mutation: You cannot train Armour skill. [Ru
                  | sacrifice]
 15232 | Lair:3   | Reached ** piety under Ru
 15268 | Lair:3   | Found a staircase to the Swamp.
 15336 | Lair:3   | Reached XP level 14. HP: 93/106 MP: 9/24
 15513 | Lair:3   | Found a staircase to the Snake Pit.
 16342 | Lair:4   | Noticed Midpoint's ghost (journeyman OnHW)
 16358 | Lair:4   | Found a transporter.
 16360 | Lair:4   | Found a transporter.
 16397 | Lair:4   | Found a staircase to the Slime Pits.
 17377 | Lair:4   | Found a bloodstained altar of Trog.
 17378 | Lair:4   | Acquired a cryobooster Ver.0 {rElec Slay+3 Clar RMsl}
 17694 | Lair:5   | Entered Level 5 of the Lair of Beasts
 17962 | Lair:5   | Reached skill level 9 in Fighting
 18406 | Lair:5   | Gained mutation: You cannot study or use magical devices.
                  | [Ru sacrifice]
 18406 | Lair:5   | Reached *** piety under Ru
 18406 | Lair:5   | Reached **** piety under Ru
 18406 | Lair:5   | Reached ***** piety under Ru
 18558 | Lair:5   | Reached skill level 5 in Summonings
 19197 | Lair:5   | Paralysed by a hornet for 1 turns
 19477 | Lair:5   | Reached XP level 15. HP: 91/114 MP: 13/27
 20508 | D:11     | Identified the +0 robe of Gacsokh {rC+ Stlth+}
 22133 | D:12     | Gained mutation: You do not regenerate when monsters are
                  | visible. [Ru sacrifice]
 22176 | D:12     | Found Giywk's Book Shop.
 22182 | D:12     | Bought a book of Storms for 364 gold pieces
 22315 | D:12     | Learned a level 4 spell: Airstrike
 22528 | Orc:1    | Entered Level 1 of the Orcish Mines
 22540 | Orc:1    | Reached skill level 10 in Fighting
 22577 | Orc:1    | Found a frozen archway.
 22613 | IceCv    | Entered an ice cave
 23005 | IceCv    | Reached skill level 10 in Conjurations
 24584 | Orc:1    | Noticed an orc warlord
 24600 | Orc:1    | Killed an orc warlord
 25293 | Orc:2    | Entered Level 2 of the Orcish Mines
 25293 | Orc:2    | Noticed Maurice
 25309 | Orc:2    | Killed Maurice
 25554 | Orc:2    | Noticed Azrael
 26256 | Orc:2    | Found a roughly hewn altar of Beogh.
 26259 | Orc:2    | Found Usilips's Antique Armour Boutique.
 26275 | Orc:2    | Bought a buzzing leather armour for 168 gold pieces
 26275 | Orc:2    | Identified the +3 leather armour of Jixupan {rElec Will+}
                  | (You bought it in a shop on level 2 of the Orcish Mines)
 26361 | Orc:2    | Found Cuisasod's Antique Weapon Boutique.
 26653 | Orc:2    | Reached XP level 16. HP: 97/121 MP: 19/28
 27228 | Orc:2    | Found a roughly hewn altar of Beogh.
 27511 | Orc:2    | Killed Azrael
 28004 | Orc:2    | Found Odyat's Antique Armour Shop.
 28005 | Orc:2    | Found a roughly hewn altar of Beogh.
 28010 | Orc:2    | Found Qexzeah's Antique Weapon Boutique.
 28021 | Orc:2    | Bought a glowing cloak for 247 gold pieces
 28051 | Orc:2    | Found Iqicaut's Antique Armour Shoppe.
 28179 | Orc:2    | Found a roughly hewn altar of Beogh.
 28235 | Orc:2    | Found a roughly hewn altar of Beogh.
 28257 | Orc:2    | Found a staircase to the Elven Halls.
 28262 | Orc:2    | Found a roughly hewn altar of Beogh.
 28310 | Orc:2    | Found Jusidum's General Store.
 28361 | Orc:2    | Found Bagija's Magic Scroll Boutique.
 28421 | Orc:2    | Found a roughly hewn altar of Beogh.
 28422 | Orc:2    | Found Umot's Book Emporium.
 28723 | Swamp:1  | Entered Level 1 of the Swamp
 29594 | D:6      | Bought a Trismegistus Codex for 364 gold pieces
 29600 | D:6      | Learned a level 5 spell: Freezing Cloud
 29677 | D:2      | Killed Robin
 29995 | D:2      | Killed Sigmund
 30106 | D:3      | Killed zenocrate's ghost
 30241 | D:7      | Killed adelrune's ghost
 30391 | D:9      | Reached skill level 1 in Ice Magic
 30408 | D:9      | Killed cforsyth's ghost
 31052 | Swamp:1  | Identified the orb of the Fortifying Gods {mayhem, rCorr}
 31696 | Swamp:2  | Noticed a fenstrider witch
 31732 | Swamp:2  | Killed a fenstrider witch
 31733 | Swamp:2  | Reached skill level 11 in Fighting
 32790 | Swamp:2  | Upgraded the game from 0.32-a0-656-g3542139ebd to
                  | 0.32-a0-666-ge8a88695a4
 32940 | Swamp:3  | Noticed Roxanne
 33324 | Swamp:3  | Killed Roxanne
 34195 | Swamp:3  | Gained mutation: You cannot be stealthy. [Ru sacrifice]
 34486 | Swamp:3  | Reached skill level 5 in Ice Magic
 34966 | Swamp:4  | Entered Level 4 of the Swamp
 35837 | Snake:1  | Entered Level 1 of the Snake Pit
 35844 | Snake:1  | HP: 1/121 [constriction (8)]
 35853 | Snake:1  | Noticed Frances
 35861 | Snake:1  | Slain by Frances

Illustrated notes

Levels and vault maps discovered:
D:1:      lemuel_arrival_river_ford, layout_basic
D:2:      layout_loops_ring, uniq_robin, uniq_sigmund
D:3:      layout_basic, ebering_ghost_sewer_d, serial_shops, shop
D:4:      layout_loops_ring, gup_sewer_entry_glass,
          nicolae_ossuary_entry_false_entrances
D:5:      layout_loops_corners
D:6:      layout_cave_pools, nicolae_overflow_hidden_temple, serial_gnoll_camp,
          gnoll_camp_mini_shop, gnoll_camp_medium_01, gnoll_camp_mini_shop,
          gnoll_camp_mini_doghouse, gnoll_camp_mini_hut
D:7:      layout_gridville, hellmonk_okawaru_the_only_friend_you_need,
          minmay_temple_entry_wispy, ebering_ghost_reflecting_pool
D:8:      layout_cave_pools, enter_bailey_1
D:9:      layout_cave_pools, nicolae_overflow_quartered_altars,
          biasface_ghost_orc_armoury, lightli_fourway_metalbox
D:10:     layout_basic, nicolae_overflow_squiral, regret_index_xom_of_box,
          uniq_gastronok, uniq_josephine
D:11:     layout_basic, david_lair_generic, orc_0_dummy,
          eino_small_chamber_without_monster, minmay_misc_feat_four_crosses,
          elyvilon_altar_1, uniq_snorg
D:12:     layout_basic, serial_shops, nicolae_shop_advertising_works
          [nicolae_subvault_shop_adworks]
D:13:     lemuel_ice_statue, layout_basic, david_vaults_4, serial_glass,
          glass_columns_b, glass_columns_b
D:14:     layout_rooms, serial_park_avenue1, kennysheep_slug_shrine
Temple:   cyrus_circular_temple
Lair:1:   layout_misc_corridors, chequers_serial_rivers_room_a,
          nicolae_quartered_pool_little, pdpol_lair_cabin_in_the_woods,
          uniq_grum
Lair:2:   layout_gridlike, lemuel_another_geyser, infiniplex_staircase_pool,
          uniq_sonja
Lair:3:   layout_loops_ring, nicolae_swamp_entry_splash_gauntlet,
          nicolae_snake_entry_warm_welcome, grunt_megastairs_4,
          lemuel_fruit_tree
Lair:4:   layout_cave_pods, nicolae_slime_entry_slimehenge,
          gammafunk_ghost_wrathful_warriors
Lair:5:   wormcave, layout_misc_corridors, guppyfry_lair_end_dragon
Swamp:1:  layout_basic_swamp, nicolae_swamp_rocky_clearing,
          nicolae_swamp_decorative_isthmus
Swamp:2:  layout_basic_swamp, nicolae_swamp_some_circles, swamp_pool_1_2,
          hangedman_swamp_cone
Swamp:3:  layout_basic_swamp, serial_swamp_ruin, hangedman_swamp_ruin_wall,
          evilmike_swamp_ruin_house_2, evilmike_swamp_ruin_house_1, uniq_roxanne
Swamp:4:  swamp, layout_basic_swamp, swamp_pool_1_2, nicolae_swamp_bunyip_nook
Snake:1:  layout_onion, nicolae_snake_naga_rites, uniq_frances
Orc:1:    layout_caves, portal_ice_cave_entry_animals_and_master
Orc:2:    grunt_orc_community_town_hall, layout_caves,
          grunt_orc_community_big_house_1, grunt_orc_community_big_house_1,
          grunt_orc_community_house_2, grunt_orc_community_house_1,
          grunt_orc_community_house_1, grunt_orc_community_house_1,
          grunt_orc_community_house_3, serial_shops, shop,
          nicolae_shop_rolled_up, shop, nicolae_shop_tiny_real_fake_doors,
          uniq_azrael, uniq_maurice

Skill      XL: |  1  2  3  4  5  6  7  8  9 10 11 12 13 14 15 16 |
---------------+-------------------------------------------------+-----
Conjurations   | 1 2 3 4 5 6 7 8 9 10 | 10.5
Dodging        | 2 3 4 5 6 7 |  7.1
Spellcasting   | 2 3 4 5 6 7 8 9 |  9.0
Stealth        | 2 3 4 3 0 |  0.0
Alchemy        | 4 5 6 7 6 |  6.3
Fighting       | 2 3 5 6 7 8 9 10 11 | 11.6
Air Magic      | 1 3 4 5 6 7 8 9 |  9.9
Fire Magic     | 1 3 5 6 7 8 |  8.7
Armour         | 3 0 |  0.0
Summonings     | 3 5 6 |  6.9
Ice Magic      | 5 |  5.9

Action                     |  1- 3 |  4- 6 |  7- 9 | 10-12 | 13-15 | 16-18 || total
---------------------------+-------+-------+-------+-------+-------+-------++-------
  Melee: Unarmed           |    12 |       |       |       |       |       ||    12
         Dagger            |    71 |    84 |   260 |   184 |   547 |   142 ||  1288
         Whip              |    52 |       |       |       |       |       ||    52
         Spear             |     8 |    89 |   278 |   198 |   633 |   169 ||  1375
   Cast: Sting             |     9 |       |       |       |       |       ||     9
         Mephitic Cloud    |       |     2 |    34 |    36 |    86 |    34 ||   192
         Sticky Flame      |       |       |       |    20 |    59 |     5 ||    84
         Olgreb's Toxic Ra |       |       |       |     5 |    83 |    13 ||   101
         Summon Blazeheart |       |       |       |       |    77 |    11 ||    88
         Airstrike         |       |       |       |       |     9 |   163 ||   172
         Freezing Cloud    |       |       |       |       |       |    21 ||    21
 Invoke: Sacrifice Skill   |       |       |       |     1 |       |       ||     1
         Reject Sacrifices |       |       |       |     1 |       |     1 ||     2
         Sacrifice Durabil |       |       |       |       |     1 |       ||     1
         Draw Out Power    |       |       |       |       |     3 |     4 ||     7
         Sacrifice Artific |       |       |       |       |     1 |       ||     1
         Apocalypse        |       |       |       |       |     2 |     1 ||     3
         Sacrifice Purity  |       |       |       |       |     1 |       ||     1
         Sacrifice Stealth |       |       |       |       |       |     1 ||     1
Ability: Invent Gizmo      |       |       |       |       |     1 |       ||     1
  Evoke: Wand              |       |       |       |     6 |     9 |       ||    15
    Use: Scroll            |     4 |     6 |    11 |    14 |    10 |    10 ||    55
         Potion            |       |     1 |     2 |     2 |     4 |    10 ||    19
   Stab: Sleeping          |     8 |     5 |     1 |     2 |     1 |     3 ||    20
         Distracted        |       |     1 |       |     1 |     3 |       ||     5
         Confused          |       |     6 |    26 |    22 |    76 |    15 ||   145
         Paralysed         |       |       |       |     2 |     6 |       ||     8
         Invisible         |       |       |       |       |     5 |     1 ||     6
 Armour: Robe              |    56 |    48 |   206 |    38 |       |       ||   348
         Steam dragon scal |       |       |       |   116 |   488 |   212 ||   816
  Dodge: Dodged            |    51 |    50 |   244 |   164 |   463 |   136 ||  1108
         Repelled          |       |       |       |       |    17 |    18 ||    35

Table legend: (Time is in decaauts)
 A = Elapsed time spent in this place.
 B = Non-inter-level travel time spent in this place.
 C = Inter-level travel time spent in this place.
 D = Time resting spent in this place.
 E = Time spent auto-exploring this place.
 F = Levels seen in this place.
 G = Mean time per level.
                   A        B        C        D        E       F      G
               +--------+--------+--------+--------+--------+-----+--------+
         Total |  36255 |  33949 |   2306 |  11889 |  13654 |  31 | 1169.5 |
       Dungeon |  13930 |  12672 |   1258 |   2007 |   7588 |  14 |  995.0 |
        Temple |     50 |     17 |     33 |      0 |      0 |   1 |   50.0 |
          Lair |   9228 |   8636 |    592 |   3124 |   3473 |   5 | 1845.6 |
         Swamp |   5490 |   5176 |    314 |   2912 |   1574 |   4 | 1372.5 |
     Snake Pit |     24 |     24 |      0 |      0 |      0 |   1 |   24.0 |
  Orcish Mines |   4181 |   4074 |    107 |   2080 |    990 |   2 | 2090.5 |
         Sewer |    333 |    333 |      0 |     23 |      0 |   1 |  333.0 |
       Ossuary |    491 |    491 |      0 |    159 |      0 |   1 |  491.0 |
        Bailey |    610 |    610 |      0 |    277 |     28 |   1 |  610.0 |
      Ice Cave |   1913 |   1913 |      0 |   1306 |      0 |   1 | 1913.0 |
               +--------+--------+--------+--------+--------+-----+--------+

Top non-repeatable levels by time:
  Lair:5: 2637 daAuts
  Lair:3: 2241 daAuts
   Orc:1: 2095 daAuts
   Orc:2: 2085 daAuts
 Swamp:3: 2070 daAuts
   IceCv: 1913 daAuts
  Lair:4: 1901 daAuts
 Swamp:2: 1893 daAuts
    D:10: 1530 daAuts
    D:11: 1388 daAuts
 Swamp:1: 1329 daAuts
  Lair:2: 1253 daAuts
     D:6: 1247 daAuts
     D:2: 1196 daAuts
  Lair:1: 1194 daAuts
